[Event "Belgrade RAD 30"]
[Site "Belgrade"]
[Date "1977.01.18"]
[Round "4.4"]
[White "Andersson, Ulf"]
[Black "Ostojic, Predrag"]
[Result "1/2-1/2"]
[ECO "A21"]
[WhiteElo "2565"]
[BlackElo "2480"]
[Annotator "Andersson,U"]
[PlyCount "80"]
[EventDate "1977.01.15"]
[EventType "tourn"]
[EventRounds "13"]
[EventCountry "SRB"]
[EventCategory "9"]
[SourceTitle "EXT 2010"]
[Source "ChessBase"]
[SourceDate "2010.11.25"]
[SourceVersion "1"]
[SourceVersionDate "2010.11.25"]
[SourceQuality "1"]
[TimeControl "40/9000:16/5400:0"]

1. Nf3 g6 2. g3 Bg7 3. Bg2 d6 4. c4 e5 5. Nc3 f5 6. d3 Nf6 7. c5 Nc6 8. cxd6
cxd6 9. Qb3 $146 (9. Bg5 Be6 10. d4 Bf7 11. e4 h6 12. dxe5 dxe5 13. Be3 Qxd1+
14. Rxd1 Nxe4 15. Nxe4 fxe4 16. Nd2 O-O 17. Bxe4 Rad8 18. b3 Bd5 19. Bxd5+ Rxd5
20. Ne4 Nd4 21. Bxd4 exd4 22. Ke2 Ra5 23. Rd2 Re8 24. Kd3 Ra6 25. Re1 Rc6 26.
Ree2 Rf8 27. f4 g5 28. Rf2 gxf4 29. Rxf4 Rxf4 30. gxf4 Rc1 31. Nd6 Rc3+ 32. Ke4
Re3+ 33. Kf5 d3 34. Nc4 Re2 35. Rxd3 Rxh2 36. a4 a6 37. a5 Kh7 38. Rd7 Rh5+ {
Spiridonov,N-Minev,N Sofia 1970 1/2-1/2}) 9... Qe7 10. Bg5 Be6 11. Bxf6 Bxf6
12. Nd5 Bxd5 13. Qxd5 e4 14. Nd2 (14. dxe4 fxe4 15. Nd2 e3 16. fxe3 Qe5 $1 {
Inf 23/43}) 14... Nd4 15. O-O Qe5 16. Qxe5+ dxe5 17. dxe4 Nxe2+ 18. Kh1 O-O-O
19. Nb3 Kb8 20. Rad1 b6 21. Rfe1 Rxd1 22. Rxd1 Nd4 23. Nxd4 exd4 24. exf5 gxf5
25. Bf1 f4 26. gxf4 Rg8 27. Bd3 Rg7 28. Rg1 Rxg1+ 29. Kxg1 h6 30. Kg2 Kc7 31.
Kg3 h5 32. Kf3 Kd6 33. Ke4 Ke6 34. Bc4+ Ke7 35. b4 a5 36. b5 d3 37. Bxd3 Bh4
38. Kf3 Kf7 39. Ke3 Be7 40. Be2 h4 1/2-1/2

[Event "EU-ch 12th"]
[Site "Aix les Bains"]
[Date "2011.03.23"]
[Round "2"]
[White "Andriasian, Zaven"]
[Black "Godena, Michele"]
[Result "1/2-1/2"]
[ECO "A21"]
[WhiteElo "2645"]
[BlackElo "2526"]
[Annotator "Marchand,A/Primel,D"]
[PlyCount "55"]
[EventDate "2011.03.22"]
[EventType "swiss"]
[EventRounds "11"]
[EventCountry "FRA"]
[SourceTitle "CBM 142 Extra"]
[Source "ChessBase"]
[SourceDate "2011.06.27"]
[SourceVersion "1"]
[SourceVersionDate "2011.06.27"]
[SourceQuality "1"]
[TimeControl "40/5400+30:1800+30"]

1. c4 e5 2. Nc3 (2. g3 Nf6 3. Bg2 h6 $5 {Georgiev,K (2666)-Godena,M (2526)
EU-ch 12th Aix-Les-Bains 2011 (4) 1/2}) 2... Bb4 {L'italien est un bon
spécialiste de cette variante} (2... f5 3. Nf3 Nf6 4. e3 Nc6 5. d4 e4 6. Nd2
Bb4 7. Qb3 a5 8. Be2 d6 9. O-O O-O 10. a3 Bxc3 11. Qxc3 a4) 3. g3 (3. Nd5 {
La ligne critique} Be7 (3... a5 4. Nf3 Nc6 5. a3 Bc5 (5... Be7 6. d4 d6 7. e3
f5 8. b3 Nf6 $11 {Christiansen,L (2620)-Mainka,R (2515) ZSG/Computerij op 1993
(4) 0-1}) 6. e3 Nf6 7. d4 $14) (3... Bc5 4. e3 c6 5. Nc3 Qe7 6.
Be2 d6 7. d4 $14) 4. d4 d6 5. e4 Nf6 6. Nxe7 Qxe7 7. f3 exd4 (7... O-O 8. Ne2
exd4 9. Qxd4 Nc6 10. Qc3 Nh5 11. g4 $13 {Lalic,B (2530)-Shirov,A (2740) Moscow
ol (Men) 1994 (3) 1/2}) (7... Nh5 8. Be3 exd4 (8... O-O 9. d5) (8... f5 $5 9. exf5 exd4 (
9... Nf6 {Aronian,L (2739)-Shirov,A (2755) Morelia/Linares 25th 2008 (5) 1/2})
(9... O-O 10. g4 exd4 (10... Re8 11. d5) 11. Qxd4 Nc6 $32) 10. Qxd4 Nc6 11. Qd2
O-O 12. g4 Re8 13. Kf2 Nf6 14. Nh3 Ne5 15. Rg1 (15. Be2
Nexg4+ 16. fxg4 Ne4+) 15... Nxf3 16. Kxf3 Qe4+ 17. Ke2 Nxg4 $40) 9. Qxd4 Nc6
10. Qc3 O-O $32 11. Ne2 f5 $1 12. exf5 Re8 $36 ) 8.
Qxd4 Nc6 9. Qc3 O-O $32 10. Ne2 Re8 {Istratescu,A (2615)
-Belkhodja,S (2497) Nantes op 1st 2002 (7) 1-0}) (3. e3 Bxc3) (3. Qc2 Nf6 (3...
Nc6) 4. e3 O-O (4... Nc6 5. Nge2) 5. Nge2 c6 6. a3) 3... Bxc3 $1 {Le thème de
la variante} 4. bxc3 (4. dxc3 d6 5. Bg2 Nc6 6. Nf3 Nge7 7.
O-O O-O $11) 4... d6 5. Bg2 Ne7 (5... f5 6. d4) (5... Nc6 6. d3) (5... Nf6 6.
Nf3 O-O 7. O-O Nc6 8. d3 Re8 (8... h6) 9. Bg5) 6. d3 Nbc6 7. f4 $1 {La meilleure chance pratique pour garder un trés
léger avantage d'ouverture} Ng6 8. Nf3 exf4 9. Bxf4 Nce5 $146 (9... Bg4 10. O-O O-O 11. Rb1 Qc8 12. Rf2 Rb8 13. Qd2 b6 14.
Nd4 Nce7 15. e4 Qd7 16. Nc2 Bh3 17. Bh1 f5 18. exf5 Rxf5 19. Ne3 Rf7 20. Nd5
Rbf8 21. Re1 Nc6 22. Be3 Rxf2 23. Bxf2 Nce5 24. Nf4 {Werle,J (2581)
-Mchedlishvili,M (2635)/ Plovdiv 2008/CBM 124/0-1 (53)}) (9... Nxf4 10. gxf4
Qf6 11. Qd2 O-O 12. O-O Re8 $11) 10. O-O Nxf3+ 11. Bxf3 O-O 12. Qd2 Rb8 (12... c6 $11 {Plus souple}) 13. Bg5 Qe8 14. Bg2 f6 15. Bf4 Bd7 16. Rae1 Qc8 (16... Bc6) 17. h4 Bg4 18. Rf2 {27} Qd7
{10} 19. Ref1 Rbe8 20. e3 {18} b6 {05} 21. Kh2 Re7 22. Bd5+ Kh8 23. Bf3 Rfe8 {
plus que 03 mns} 24. e4 Bxf3 25. Rxf3 Qg4 $1 26. Be3 Kg8 27. a4 Re5 $15 28. Bd4
{Les Blancs qui commençaient а être un peu moins bien, profitent du gros
zeitnot des Noirs pour proposer nulle au bon moment.} 1/2-1/2